 Dungeon Crawl Stone Soup version 0.24-a0-333-g864f2b5 (webtiles) character file.

Game seed: 1178572760027644872

205 MisterFreud the Sneak (level 5, -13/24 HPs)
             Began as a Felid Berserker on May 17, 2019.
             Was a Believer of Trog.
             Mangled by an orc warrior
             ... wielding a +0 trident
              (17 damage)
             ... on level 4 of the Dungeon.
             The game lasted 00:06:11 (3739 turns).

MisterFreud the Sneak (Felid Berserker)             Turns: 3739, Time: 00:06:11

Health: -13/24     AC:  1    Str: 13    XL:     5   Next: 53%
Magic:  6/6        EV: 19    Int:  9    God:    Trog [**....]
Gold:   83         SH:  0    Dex: 16    Spells: 4/4 levels left
                                        Lives:  0   Deaths: 1

rFire    . . .     SeeInvis +     - Unarmed
rCold    . . .     Gourm    .   (shield unavailable)
rNeg     . . .     Faith    .   (armour unavailable)
rPois    .         Spirit   .   (helmet unavailable)
rElec    .         Reflect  .   (cloak unavailable)
rCorr    .         Harm     .   (gloves unavailable)
MR       +....                  (boots unavailable)
Stlth    ++++......             (no amulet)
HPRegen  0.08/turn              (no ring)
MPRegen  0.10/turn              (no ring)

@: berserk cooldown, slowed, slow
A: very small, no armour, no weapons or thrown items, stealth, antennae 1, claws
1, fangs 3, see invisible, carnivore, speed 1, magic resistance 1, shaggy fur 1,
slow metabolism 1, sharp paws
a: Berserk, Trog's Hand, Renounce Religion


You were on level 4 of the Dungeon.
You worshipped Trog.
Trog was pleased with you.
You were full.

You visited 1 branch of the dungeon, and saw 4 of its levels.

You collected 83 gold pieces.

Inventory:

Scrolls
 b - 3 scrolls of remove curse
 c - a scroll of teleportation
 f - 2 scrolls of magic mapping {unknown}
 h - 3 scrolls of identify {unknown}
 j - a scroll of amnesia {unknown}
Potions
 d - a potion of heal wounds {unknown}
 e - a potion of mutation
 g - 2 potions of curing {unknown}
 i - a potion of haste {unknown}
 k - a potion of flight {unknown}
Comestibles
 a - 5 rations


   Skills:
 - Level 3.0 Fighting
 - Level 4.0 Dodging
 - Level 6.2 Stealth
 + Level 5.0 Unarmed Combat


You had 4 spell levels left.
You didn't know any spells.
Your spell library was empty.

Dungeon Overview and Level Annotations

Branches:
Dungeon (4/15)
 Temple: D:4-7

Altars:


Innate Abilities, Weirdness & Mutations

You cannot wear armour.
You are incapable of wielding weapons or throwing items.
Your paws allow you to move quietly. (Stealth)
You have sharp claws.
You have razor-sharp teeth.
You have supernaturally acute eyesight. (SInv)
You are carnivorous and can eat meat at any time.
You cover ground quickly.
You are covered in fur. (AC +1)
You have a slow metabolism.
Your sharp claws are effective at attacking unaware monsters.
You have a pair of small antennae on your head.
You are resistant to hostile enchantments. (MR+)


Message History

You kill the gnoll!
Trog accepts your kill.
There is an open door, spattered with blood here.
Things that are here:
a +0 whip; a gnoll corpse; a jackal corpse You feel a strong urge to attack something.
You are no longer berserk.
You are exhausted.
You feel yourself slow down.
Things that are here:
a +0 club; a cursed -2 spear; a throwing net
Things that are here:
a cursed -1 halberd; a gnoll corpse The orc warrior hits you from afar with a +0 trident!
Ouch! That really hurt!
* * * LOW HITPOINT WARNING * * *
The orc warrior misses you.
The orc warrior hits you from afar with a +0 trident!
Ouch! That really hurt!
You die...

#>..................# #..
#####...............# #..
###.#########.....####..
#....###................
#.#....#.####.########.#
#.#<.#.#.##.............
#.#....#o##.##.#######.#
#.#.####.##.##..# #.#
#.#....@..#.###.# #.#
#.#########.###.######.#
#.#...........#.#.......
#.#.........#.#.........
######.###########.##........
#..........# #.##........
#..........# #.###.......
#..........# #.# #.####'#
#..........# ##+###.## #.#


You could see an orc warrior.

Vanquished Creatures
  An orc priest (D:3)
  An orc wizard (D:3)
  Terence (D:3)
  A worker ant (D:4)
  4 gnolls (D:4)
  4 adders
  An ooze (D:1)
  2 worms
  2 dart slugs
  A leopard gecko (D:2)
  6 orcs (D:3)
  2 giant cockroaches
  8 hobgoblins
  2 jackals (D:4)
  7 kobolds
  2 quokkas (D:2)
  A ball python (D:1)
  9 bats
  A frilled lizard (D:1)
  8 goblins
  7 rats
71 creatures vanquished.

Notes
Turn   | Place    | Note
-------+----------+-------------------------------------------
     0 | D:1      | MisterFreud the Felid Berserker began the quest for the
                  | Orb.
     0 | D:1      | Reached XP level 1. HP: 10/10 MP: 2/2
   129 | D:1      | Noticed an ogre
   129 | D:1      | Noticed an ogre
   143 | D:1      | Reached skill level 1 in Stealth
   291 | D:1      | Noticed an ogre
   294 | D:1      | Noticed an ogre
   442 | D:1      | Reached skill level 2 in Stealth
   448 | D:1      | Reached XP level 2. HP: 13/14 MP: 3/3
  1170 | D:1      | Reached skill level 3 in Stealth
  1621 | D:2      | Reached XP level 3. HP: 17/17 MP: 4/4
  1752 | D:2      | Reached ** piety under Trog
  2083 | D:2      | Reached skill level 4 in Stealth
  2339 | D:3      | Reached XP level 4. HP: 11/21 MP: 5/5
  2657 | D:3      | Reached skill level 5 in Stealth
  2675 | D:3      | Noticed Terence
  2684 | D:3      | HP: 1/21 [kobold/+0 short sword (3)]
  2685 | D:3      | Gained mutation: You are resistant to hostile enchantments.
                  | (MR+) [potion of mutation]
  2685 | D:3      | Gained mutation: You have a pair of small antennae on your
                  | head. [potion of mutation]
  2685 | D:3      | Slain by a kobold
  2686 | D:3      | Reached XP level 3. HP: -3/17 MP: 4/4
  2759 | D:3      | Reached XP level 4. HP: 13/21 MP: 5/5
  3037 | D:3      | Killed Terence
  3037 | D:3      | Reached skill level 6 in Stealth
  3183 | D:3      | Reached XP level 5. HP: 18/24 MP: 6/6
  3704 | D:4      | Reached skill level 5 in Unarmed Combat
  3707 | D:4      | Noticed an orc warrior
  3739 | D:4      | Mangled by an orc warrior

Levels and vault maps discovered:
D:1:      erik_arrival_cave_to_civilisation [erik_arrival_cave_to_temple],
          layout_basic, palyth_stone_intersect
D:2:      layout_basic, kennysheep_another_room
D:3:      layout_basic, uniq_terence
D:4:      layout_basic, serial_shops, kennysheep_mini, minmay_misc_feat_chi

Skill      XL: |  1  2  3  4  5 |
---------------+----------------+-----
Stealth        | 2 3 4 6 |  6.2
Unarmed Combat | 4 5 |  5.0
Fighting       | |  3.0
Dodging        | |  4.0

Action                   |  1- 3 |  4- 6 || total
-------------------------+-------+-------++-------
Melee: Unarmed           |   108 |    62 ||   170
       Bite              |     6 |     9 ||    15
       Punch             |       |     1 ||     1
Invok: Berserk           |     8 |     3 ||    11
  Use: Scroll            |       |     2 ||     2
       Potion            |       |     1 ||     1
 Stab: Sleeping          |     9 |     3 ||    12
       Distracted        |       |     1 ||     1
  Eat: Chunk             |    14 |    10 ||    24
Armor: Skin              |     5 |     4 ||     9
Dodge: Dodged            |    79 |    46 ||   125

Table legend:
 A = Non-vault XP
 B = Vault XP
 C = Vault XP percentage of total XP
 D = Non-vault monster count
 E = Vault monster count
 F = Vault count percentage of total count
                 A         B        C        D         E       F
            +---------+---------+-------+---------+---------+-------
      Total |     342 |      42 |  10.9 |      68 |       3 |   4.2
            +---------+---------+-------+---------+---------+-------
        D:1 |      31 |       4 |  11.4 |      17 |       2 |  10.5
        D:2 |      39 |       0 |   0.0 |      13 |       0 |   0.0
        D:3 |     178 |      38 |  17.6 |      31 |       1 |   3.1
        D:4 |      94 |       0 |   0.0 |       7 |       0 |   0.0
            +---------+---------+-------+---------+---------+-------
